 Dungeon Crawl Stone Soup version 0.22.1 (webtiles) character file.

100 Fang the Skirmisher (level 4, 0/43 HPs)
             Began as a Gargoyle Berserker on Sept 18, 2018.
             Was a Believer of Trog.
             Slain by a gnoll
             ... wielding a +0 spear
              (7 damage)
             ... on level 2 of the Dungeon.
             The game lasted 00:01:54 (1475 turns).

Fang the Skirmisher (Gargoyle Berserker)            Turns: 1475, Time: 00:01:55

Health: 0/43       AC:  5    Str: 26    XL:     4   Next: 73%
Magic:  0/4        EV: 12    Int:  8    God:    Trog [**....]
Gold:   66         SH:  0    Dex:  9    Spells: 3/3 levels left

rFire    . . .     SeeInvis .   a - +0 hand axe
rCold    . . .     Gourm    .   (no shield)
rNeg     + . .     Faith    .   b - +0 animal skin
rPois    ∞         Spirit   +   (no helmet)
rElec    +         Reflect  .   j - scarf {Spirit}
rCorr    .         Harm     .   (no gloves)
MR       .....                  (no boots)
Stlth    ..........             (no amulet)
HPRegen  0.14/turn              (no ring)
MPRegen  0.09/turn              (no ring)

@: berserking, very quick
A: negative energy resistance 1, electricity resistance, unbreathing,
petrification resistance, rot immunity, AC +3
a: Berserk, Trog's Hand, Renounce Religion


You were on level 2 of the Dungeon.
You worshipped Trog.
Trog was pleased with you.
You were near starving.

You visited 1 branch of the dungeon, and saw 2 of its levels.

You collected 66 gold pieces.

Inventory:

Hand Weapons
 a - a +0 hand axe (weapon)
Armour
 b - a +0 animal skin (worn)
 j - a scarf of spirit shield (worn)
Jewellery
 h - an uncursed amulet of magic regeneration {unknown}
Scrolls
 f - a scroll of teleportation {unknown}
 g - a scroll of identify {unknown}
 i - 2 scrolls of remove curse {unknown}
 n - 2 scrolls of amnesia {unknown}
Potions
 d - a potion of agility {unknown}
 e - a potion of curing {unknown}
 k - a potion of berserk rage {unknown}
 l - a potion of cancellation {unknown}
 m - a potion of resistance {unknown}
 o - a potion of might {unknown}
Comestibles
 c - 4 rations


   Skills:
 + Level 4.1 Fighting
 + Level 3.8 Axes
 + Level 2.3 Armour
 + Level 2.1 Dodging
 + Level 1.0 Stealth


You had 3 spell levels left.
You didn't know any spells.
Your spell library was empty.

Dungeon Overview and Level Annotations

Branches:
Dungeon (2/15)

Altars:


Innate Abilities, Weirdness & Mutations

You are resistant to torment.
Your stone body is resilient. (AC +3)
You are immune to poison.
You resist negative energy. (rN+)
You are resistant to electric shocks. (rElec)
You can survive without breathing.
You are immune to petrification.
You are immune to rotting.


Message History

* * * LOW HITPOINT WARNING * * *
Unknown command.
You see here a scroll labeled DIEFAB WEXZOG.
Unknown command.
You slash the gnoll!
The gnoll is severely wounded.
You closely miss the gnoll. The gnoll closely misses you.
The gnoll hits you with a club.
* * * LOW HITPOINT WARNING * * *
Unknown command.
You hit the gnoll.
The gnoll is almost dead.
You hit the gnoll. The gnoll misses you.
Unknown command.
You slice the gnoll!!
You kill the gnoll!
Trog accepts your kill.
Your Stealth skill increases to level 1!
You hit the gnoll. The gnoll hits you with a spear!
You die...

####..####..# #.#.# #.
..####.....#..# #.#.######.
..........#.#..###.#........
...######.#.#.....(#........
#........#...(.(#.#######
#.#####).#......#.......)
#...†....#......#########
#.###.##g#......#
.....K)@(......# #####
<.....#.......######....
#####..#............#.###
....#.......####.#.#
##.......>...# #.#.#
...##..#.#### #.#.# #..
#..#.# #.#.# ...#.# #.#.#
##.##.# #.#.###


You could see a gnoll and a kobold.

Vanquished Creatures
  2 gnolls (D:2)
  2 adders (D:2)
  An ooze (D:2)
  2 dart slugs
  2 leopard geckos (D:2)
  9 bats
  2 giant cockroaches (D:2)
  4 goblins
  7 hobgoblins
  7 jackals (D:2)
  2 ball pythons (D:1)
  A frilled lizard (D:2)
  5 kobolds
  2 rats (D:2)
48 creatures vanquished.

Notes
Turn   | Place    | Note
-------+----------+-------------------------------------------
     0 | D:1      | Fang the Gargoyle Berserker began the quest for the Orb.
     0 | D:1      | Reached XP level 1. HP: 14/14 MP: 1/1
   156 | D:1      | Reached XP level 2. HP: 15/19 MP: 2/2
   962 | D:2      | Reached XP level 3. HP: 24/24 MP: 3/3
  1176 | D:2      | Reached ** piety under Trog
  1244 | D:2      | Reached skill level 4 in Fighting
  1244 | D:2      | Reached XP level 4. HP: 20/29 MP: 2/4
  1475 | D:2      | Reached skill level 1 in Stealth
  1475 | D:2      | Slain by a gnoll

Skill      XL: |  1  2  3  4 |
---------------+-------------+-----
Axes           | 3 |  3.8
Fighting       | 4 |  4.1
Dodging        | 2 |  2.1
Stealth        | 1 |  1.0
Armour         | |  2.3

Action                   |  1- 3 |  4- 6 || total
-------------------------+-------+-------++-------
Melee: Hand axe          |   112 |    37 ||   149
Invok: Berserk           |       |     1 ||     1
 Stab: Sleeping          |     1 |     1 ||     2
  Eat: Chunk             |     1 |       ||     1
Armor: Animal skin       |    53 |    22 ||    75
Dodge: Dodged            |    93 |    39 ||   132
